 Dungeon Crawl Stone Soup version 0.32-a0-40-g2adb59ae06 (webtiles) character file.

Game seed: 9573307120577845932

150 Golzeb the Shooter (level 5, -1/28 HPs)
             Began as a Deep Elf Hexslinger on Jan 18, 2024.
             Slain by Duvessa
             ... wielding a +0 short sword
              (11 damage)
             ... on level 4 of the Dungeon on Jan 24, 2024.
             The game lasted 00:11:58 (2665 turns).

Golzeb the Shooter (Deep Elf Hexslinger)            Turns: 2665, Time: 00:11:59

Health: -1/28      AC:  2    Str:  5    XL:     5   Next: 10%
Magic:  9/9        EV: 13    Int: 18    God:
Gold:   149        SH:  0    Dex: 19    Spells: 7/7 levels left

rFire   . . .        a - +2 sling
rCold   . . .        (no shield)
rNeg    . . .        c - +0 robe
rPois   .            (no helmet)
rElec   .            (no cloak)
rCorr   .            (no gloves)
SInv    +            (no boots)
Will    .....        (no amulet)
Stlth   ++           i - ring of see invisible
HPRegen 0.24/turn    (no ring)
MPRegen 0.11/turn

%: no passive effects
@: no status effects
A: no striking features
a: no special abilities


You were on level 4 of the Dungeon.
You visited 1 branch of the dungeon, and saw 4 of its levels.
You also visited: Ossuary.

You collected 149 gold pieces.

Inventory:

Hand Weapons
 a - a +2 sling (weapon)
Armour
 c - a +0 robe (worn)
Jewellery
 i - a ring of see invisible (left hand)
Wands
 g - a wand of flame (14)
 k - a wand of polymorph (11)
Scrolls
 b - a scroll of poison
 d - a scroll of identify
 f - a scroll of enchant weapon
 m - a scroll of teleportation {unknown}
Potions
 e - a potion of attraction
 h - a potion of enlightenment
 j - a potion of might {unknown}
 l - a potion of experience {unknown}


   Skills:
 - Level 0.7 Fighting
 * Level 6.3 Ranged Weapons
 - Level 2.4 Dodging
 - Level 1.5 Spellcasting
 - Level 5.1 Hexes
 - Level 1.1 Fire Magic


You had 7 spell levels left.
You didn't know any spells.
Your spell library contained the following spells:

 Spells                   Type           Power      Damage    Failure   Level
 Jinxbite                 Hex            38%        N/A       3%          2
 Sigil of Binding         Hex            19%        N/A       7%          3
 Inner Flame              Hex/Fire       12%        N/A       16%         3
 Cause Fear               Hex            9%         N/A       22%         4
 Dimensional Bullseye     Hex/Tloc       5%         N/A       54%         4


Dungeon Overview and Level Annotations

Branches:
Dungeon (4/15)            Ossuary (visited)
 Temple: D:4-7

Altars:

Annotations:
D:4 Dowan, Duvessa


Message History

Duvessa is heavily wounded.
Dowan, Brother of Duvessa comes into view.
He is wielding a +0 dagger.
Fire: a) +2 sling
Press: ? - help, Q - select action, (/) - cycle Shift-Dir - straight line, f/p - Duvessa
Aim: Duvessa, wielding a +0 short sword and wearing a +0 leather armour (heavily wounded, 68% to hit)
You shoot a sling bullet. The sling bullet hits Duvessa.
Duvessa is heavily wounded.
Dowan casts a spell.
Dowan blinks!
Duvessa hits you with a +0 short sword.
Fire: a) +2 sling
Press: ? - help, Q - select action, (/) - cycle Shift-Dir - straight line, f/p - Duvessa
Aim: Duvessa, wielding a +0 short sword and wearing a +0 leather armour (heavily wounded, 68% to hit)
You shoot a sling bullet. The sling bullet hits Duvessa!
Duvessa is severely wounded.
Duvessa hits you with a +0 short sword.
Fire: a) +2 sling
Press: ? - help, Q - select action, (/) - cycle Shift-Dir - straight line, f/p - Duvessa
Aim: Duvessa, wielding a +0 short sword and wearing a +0 leather armour (severely wounded, 68% to hit)
You shoot a sling bullet.
The sling bullet hits Duvessa but does no damage.
Duvessa is severely wounded.
Duvessa hits you with a +0 short sword.
Fire: a) +2 sling
Press: ? - help, Q - select action, (/) - cycle Shift-Dir - straight line, f/p - Duvessa
Aim: Duvessa, wielding a +0 short sword and wearing a +0 leather armour (severely wounded, 68% to hit)
You shoot a sling bullet. The sling bullet hits Duvessa!
Duvessa is almost dead.
Duvessa hits you with a +0 short sword!
Fire: a) +2 sling
Press: ? - help, Q - select action, (/) - cycle Shift-Dir - straight line, f/p - Duvessa
Aim: Duvessa, wielding a +0 short sword and wearing a +0 leather armour (almost dead, 68% to hit)
You shoot a sling bullet. The sling bullet barely misses Duvessa.
Duvessa closely misses you.
Fire: a) +2 sling
Press: ? - help, Q - select action, (/) - cycle Shift-Dir - straight line, f/p - Duvessa
Aim: Duvessa, wielding a +0 short sword and wearing a +0 leather armour (almost dead, 68% to hit)
You shoot a sling bullet. The sling bullet hits Duvessa.
Duvessa is almost dead.
Duvessa hits you with a +0 short sword!
You die...

,,*,*,*,*,,,,,,,,,* ******
,,*,,,,,***,,,,,,.#* **,,,,*
,,*,,,,,* *,,,,,,..###,,**,****
,**,*,*,* *,,,<,,,...,,,,,,,,<***
,**,,,,,*********,...,,****,*,,,,
,**,,,,,*,* **#.#######.***,,
,**,*,#.#,* #.........,,,,,
***,,,..#,* ####.........,,,,*
***,,,..#.* #@.....).....,,,,,
,,,,*.#.#.### ##e##..†......,,,,,
**,,,.......###...#......[..,,,,,
******#.#*#...............).,,,,,
* #.###.##'##...........,,,,,
#.#...#...#.##........,,,,*
######.#.#.#...+.###.......,,,**
##........#.#...#.#**##..##.****
...####.###.##+##..,,,,.##*,* **


You could see Duvessa.

Vanquished Creatures
  Terence (D:2)
  2 hound zombies (Ossuary)
  An adder (D:4)
  2 adder zombies (Ossuary)
  2 ribbon worms (D:2)
  2 dart slugs
  4 orcs (D:3)
  2 ball pythons
  3 endoplasms
  6 giant cockroaches
  A gnoll zombie (Ossuary)
  5 goblins
  6 hobgoblins
  2 quokkas (D:1)
  12 bats
  3 frilled lizards
  4 kobolds
  A kobold zombie (Ossuary)
  6 rats
65 creatures vanquished.

Notes
Turn   | Place    | Note
-------+----------+-------------------------------------------
     0 | D:1      | Golzeb the Deep Elf Hexslinger began the quest for the Orb.
     0 | D:1      | Reached XP level 1. HP: 11/11 MP: 5/5
    31 | D:1      | Reached skill level 3 in Ranged Weapons
   172 | D:1      | Reached XP level 2. HP: 16/16 MP: 6/6
   479 | D:1      | Reached skill level 4 in Ranged Weapons
   814 | D:2      | Reached XP level 3. HP: 19/20 MP: 7/7
   829 | D:2      | Noticed Terence
   841 | D:2      | Killed Terence
   972 | D:2      | Reached skill level 5 in Hexes
   987 | D:2      | Upgraded the game from 0.32-a0-22-g6ae6769602 to
                  | 0.32-a0-40-g2adb59ae06
  1043 | D:2      | Reached XP level 4. HP: 24/24 MP: 8/8
  1073 | D:2      | Reached skill level 5 in Ranged Weapons
  1541 | D:3      | HP: 1/24 [orc/+0 whip (1)]
  2209 | D:4      | Found a sand-covered staircase.
  2214 | Ossuary  | Entered an ossuary
  2240 | Ossuary  | Reached skill level 6 in Ranged Weapons
  2325 | Ossuary  | Reached XP level 5. HP: 16/28 MP: 9/9
  2650 | D:4      | Noticed Duvessa
  2659 | D:4      | Noticed Dowan
  2665 | D:4      | Slain by Duvessa

Illustrated notes

Levels and vault maps discovered:
D:1:      dpeg_arrival_pits, layout_basic, grunt_decor_arrowhead, hex_tiny
D:2:      layout_basic, nicolae_hexahallways, uniq_terence
D:3:      layout_rooms
D:4:      layout_rooms, nicolae_overflow_hidden_temple, enter_ossuary_2,
          columned_hall_lemuel, hangedman_abyss_or_decor_lesser_grid,
          minmay_misc_feat_doors, uniq_grinder, uniq_duvessa

Skill      XL: |  1  2  3  4 |
---------------+-------------+-----
Ranged Weapons | 3 4 6 |  6.3
Hexes          | 5 |  5.1
Fighting       | |  0.7
Dodging        | |  2.4
Spellcasting   | |  1.5
Fire Magic     | |  1.1

Action                     |  1- 3 |  4- 6 || total
---------------------------+-------+-------++-------
   Fire: Sling             |   104 |   142 ||   246
    Use: Scroll            |       |     6 ||     6
         Potion            |       |     1 ||     1
 Armour: Robe              |    27 |    57 ||    84
  Dodge: Dodged            |    41 |    66 ||   107

Table legend: (Time is in decaauts)
 A = Elapsed time spent in this place.
 B = Non-inter-level travel time spent in this place.
 C = Inter-level travel time spent in this place.
 D = Time resting spent in this place.
 E = Time spent auto-exploring this place.
 F = Levels seen in this place.
 G = Mean time per level.
                   A        B        C        D        E       F      G
               +--------+--------+--------+--------+--------+-----+--------+
         Total |   2700 |   2635 |     65 |    439 |   1616 |   5 |  540.0 |
       Dungeon |   2386 |   2321 |     65 |    244 |   1612 |   4 |  596.5 |
       Ossuary |    313 |    313 |      0 |    195 |      4 |   1 |  313.0 |
               +--------+--------+--------+--------+--------+-----+--------+

Top non-repeatable levels by time:
     D:1: 782 daAuts
     D:2: 755 daAuts
     D:3: 531 daAuts
     D:4: 316 daAuts
 Ossuary: 313 daAuts
